TOP OF THE 1ST |
Idaho Falls Chukars batting - Pitching for Syracuse Storm : RHP Joe Martarano
|
Pitching: RHP Joe Martarano
|
|
Batting: LHB Juan Rosado
|
0-0: Ball 1-0: Ball 2-0: Foul Ball, location: 2F 2-1: Called Strike 2-2: SINGLE (Groundball, 4MD)
|
Batting: LHB Alistair Mix
|
0-0: Ball 1-0: Called Strike 1-1: Swinging Strike 1-2: Foul Ball, location: 2F 1-2: Ball 2-2: Strikes out looking
|
Batting: SHB Tony Manzanares
|
0-0: Ball 1-0: DOUBLE (Line Drive, 9LM) Juan Rosado to third Runner from 3rd tries for Home, SAFE, no throw
|
Batting: RHB León Preciado
|
0-0: Called Strike 0-1: Ball 1-1: Ball 2-1: Ball 3-1: SINGLE (Groundball, 15S) (infield hit) Tony Manzanares to third
|
Batting: RHB Spencer Lyng
|
0-0: Swinging Strike 0-1: Ball 1-1: Called Strike 1-2: Foul Ball, location: 2F 1-2: Foul Ball, location: 2F 1-2: Ball 2-2: Foul Ball, location: 2F 2-2: Ground out 3-1 (Groundball, 3D) Tony Manzanares scores León Preciado to second
|
Batting: SHB Jesús Román
|
0-0: Ball 1-0: SINGLE (Line Drive, 7S) León Preciado to third Runner from 3rd tries for Home, SAFE, no throw
|
Batting: RHB Fytor Ceia
|
0-0: Foul Ball, location: 2F 0-1: Called Strike 0-2: Ball 1-2: Ball 2-2: Foul Ball, location: 2F 2-2: Foul Ball, location: 2F 2-2: Strikes out looking
|
Top of the 1st over - 3 run(s), 4 hit(s), 0 error(s), 1 left on base; Idaho Falls 3 - Syracuse 0 |
BOTTOM OF THE 1ST |
Syracuse Storm batting - Pitching for Idaho Falls Chukars : LHP Chico Landi
|
Pitching: LHP Chico Landi
|
|
Batting: RHB Tom Boyer
|
0-0: Called Strike 0-1: Ball 1-1: Ball 2-1: Foul Ball, location: 2F 2-2: Ground out 6-3 (Groundball, 6)
|
Batting: RHB Harry MacCash
|
0-0: Bunt missed! 0-1: SINGLE (Line Drive, 6MD)
|
Batting: RHB Jerry Yates
|
0-0: Called Strike 0-1: Ball 1-1: DOUBLE (Line Drive, 78D) Harry MacCash to third
|
Pitching: RHP Juan Rúbio
|
|
Batting: RHB Aethelwulf Haraldson
|
0-0: Ball 1-0: Called Strike 1-1: Fly out, F8 (Flyball, 78D) Runner from 3rd tags up, SCORES, no throw
|
Batting: RHB Vince Staples
|
0-0: Called Strike 0-1: Ball 1-1: Swinging Strike 1-2: Ground out 6-3 (Groundball, 56)
|
Bottom of the 1st over - 1 run(s), 2 hit(s), 0 error(s), 1 left on base; Idaho Falls 3 - Syracuse 1 |
TOP OF THE 2ND |
Idaho Falls Chukars batting - Pitching for Syracuse Storm : RHP Joe Martarano
|
Batting: LHB Jared Morningstar
|
0-0: Ball 1-0: Ground out 4-3 (Groundball, 34)
|
Batting: RHB Ilkka Haapajarvi
|
0-0: Ball 1-0: Ground out 6-3 (Groundball, 6)
|
Batting: LHB Juan Rosado
|
0-0: Ball 1-0: Swinging Strike 1-1: Ground out 1-3 (Groundball, 13)
|
Top of the 2nd over - 0 run(s), 0 hit(s), 0 error(s), 0 left on base; Idaho Falls 3 - Syracuse 1 |
BOTTOM OF THE 2ND |
Syracuse Storm batting - Pitching for Idaho Falls Chukars : RHP Juan Rúbio
|
Batting: LHB Juan Jimínez
|
0-0: Called Strike 0-1: Foul Ball, location: 2F 0-2: Ball 1-2: Foul Ball, location: 2F 1-2: Strikes out looking
|
Batting: LHB Phil Beck
|
0-0: Ground out U3 (Groundball, 3)
|
Batting: LHB Juan Caro
|
0-0: Ball 1-0: Fly out, F9 (Line Drive, 89M)
|
Bottom of the 2nd over - 0 run(s), 0 hit(s), 0 error(s), 0 left on base; Idaho Falls 3 - Syracuse 1 |
TOP OF THE 3RD |
Idaho Falls Chukars batting - Pitching for Syracuse Storm : RHP Joe Martarano
|
Batting: LHB Alistair Mix
|
0-0: Bunt for hit - play at first, batter OUT! 1-3
|
Batting: SHB Tony Manzanares
|
0-0: Called Strike 0-1: Swinging Strike 0-2: Fly out, F8 (Flyball, 78S)
|
Batting: RHB León Preciado
|
0-0: Called Strike 0-1: Ball 1-1: Called Strike 1-2: Foul Ball, location: 2F 1-2: Foul Ball, location: 2F 1-2: Ball 2-2: Foul Ball, location: 2F 2-2: Ball 3-2: Foul Ball, location: 2F 3-2: SINGLE (Groundball, 4MD)
|
Batting: RHB Spencer Lyng
|
0-0: Called Strike 0-1: Ball 1-1: Foul Ball, location: 2F 1-2: Strikes out looking
|
Top of the 3rd over - 0 run(s), 1 hit(s), 0 error(s), 1 left on base; Idaho Falls 3 - Syracuse 1 |
BOTTOM OF THE 3RD |
Syracuse Storm batting - Pitching for Idaho Falls Chukars : RHP Juan Rúbio
|
Batting: RHB Tsuginori Kobayashi
|
0-0: Swinging Strike 0-1: Ball 1-1: Ball 2-1: Hit by Pitch
|
Batting: RHB Tom Boyer
|
0-0: Ball 1-0: Swinging Strike 1-1: Foul Ball, location: 2F 1-2: Ball 2-2: Ball 3-2: Foul Ball, location: 2F 3-2: Strikes out swinging
|
Batting: RHB Harry MacCash
|
0-0: Ball 1-0: Ball 2-0: SINGLE (Groundball, 56D) Tsuginori Kobayashi to second
|
Batting: RHB Jerry Yates
|
0-0: Ball 1-0: Called Strike 1-1: Ball 2-1: Ball 3-1: Base on Balls Tsuginori Kobayashi to third Harry MacCash to second
|
Batting: RHB Aethelwulf Haraldson
|
0-0: Foul Ball, location: 2F 0-1: Fly out, F8 (Line Drive, 8LM) Runner from 3rd tags up, SCORES, no throw
|
Batting: RHB Vince Staples
|
0-0: Ball 1-0: Ball 2-0: Swinging Strike 2-1: Fly out, F9 (Flyball, 9LS)
|
Bottom of the 3rd over - 1 run(s), 1 hit(s), 0 error(s), 2 left on base; Idaho Falls 3 - Syracuse 2 |
TOP OF THE 4TH |
Idaho Falls Chukars batting - Pitching for Syracuse Storm : RHP Joe Martarano
|
Batting: SHB Jesús Román
|
0-0: Ball 1-0: Ground out 4-3 (Groundball, 4S)
|
Batting: RHB Fytor Ceia
|
0-0: Foul Ball, location: 2F 0-1: Ball 1-1: Ball 2-1: SINGLE (Flyball, 89S)
|
Batting: LHB Jared Morningstar
|
0-0: Foul Ball, location: 2F 0-1: Ball 1-1: Ball 2-1: Grounds into double play, 4-6-3 (Groundball, 34)
|
Top of the 4th over - 0 run(s), 1 hit(s), 0 error(s), 0 left on base; Idaho Falls 3 - Syracuse 2 |
BOTTOM OF THE 4TH |
Syracuse Storm batting - Pitching for Idaho Falls Chukars : RHP Juan Rúbio
|
Batting: LHB Juan Jimínez
|
0-0: Swinging Strike 0-1: Foul Ball, location: 2F 0-2: Foul Ball, location: 2F 0-2: Ground out 6-3 (Groundball, 6)
|
Batting: LHB Phil Beck
|
0-0: Ground out 6-3 (Groundball, 6)
|
Batting: LHB Juan Caro
|
0-0: SINGLE (Flyball, 7S)
|
Batting: RHB Tsuginori Kobayashi
|
0-0: Called Strike Juan Caro steals 2nd base 0-1: Called Strike 0-2: Ball 1-2: Foul Ball, location: 2F 1-2: SINGLE (Line Drive, 9) Juan Caro to third Runner from 3rd tries for Home, SAFE, no throw
|
Batting: RHB Tom Boyer
|
0-0: Called Strike Tsuginori Kobayashi is caught stealing 2nd base
|
Bottom of the 4th over - 1 run(s), 2 hit(s), 0 error(s), 0 left on base; Idaho Falls 3 - Syracuse 3 |
TOP OF THE 5TH |
Idaho Falls Chukars batting - Pitching for Syracuse Storm : RHP Joe Martarano
|
Batting: RHB Ilkka Haapajarvi
|
0-0: Ball 1-0: Fly out, F8 (Flyball, 89D)
|
Batting: LHB Juan Rosado
|
0-0: SINGLE (Line Drive, 34D)
|
Batting: LHB Alistair Mix
|
0-0: Called Strike Juan Rosado is caught stealing 2nd base 0-1: Ball 1-1: Ball 2-1: SINGLE (Groundball, 56D)
|
Batting: SHB Tony Manzanares
|
0-0: Ball 1-0: Foul Ball, location: 2F 1-1: Called Strike 1-2: DOUBLE (Groundball, 5L) Alistair Mix to third Runner from 3rd tries for Home, SAFE, no throw
|
Batting: RHB León Preciado
|
0-0: Ground out 5-3 (Groundball, 56S)
|
Top of the 5th over - 1 run(s), 3 hit(s), 0 error(s), 1 left on base; Idaho Falls 4 - Syracuse 3 |
BOTTOM OF THE 5TH |
Syracuse Storm batting - Pitching for Idaho Falls Chukars : RHP Juan Rúbio
|
Batting: RHB Tom Boyer
|
0-0: Ball 1-0: Called Strike 1-1: Foul Ball, location: 2F 1-2: Ground out 4-3 (Groundball, 4)
|
Batting: RHB Harry MacCash
|
0-0: Ball 1-0: Ground out 5-3 (Groundball, 56)
|
Batting: RHB Jerry Yates
|
0-0: Called Strike 0-1: Ball 1-1: SINGLE (Line Drive, 89M)
|
Batting: RHB Aethelwulf Haraldson
|
0-0: Called Strike 0-1: Swinging Strike 0-2: Ball 1-2: Hit by Pitch Jerry Yates to second
|
Batting: RHB Vince Staples
|
0-0: Ball 1-0: Foul Ball, location: 2F 1-1: Single, Error in OF, E8, batter to second base Jerry Yates scores Aethelwulf Haraldson to third
|
Batting: LHB Juan Jimínez
|
0-0: Ground out 4-3 (Groundball, 4)
|
Bottom of the 5th over - 1 run(s), 2 hit(s), 1 error(s), 2 left on base; Idaho Falls 4 - Syracuse 4 |
TOP OF THE 6TH |
Idaho Falls Chukars batting - Pitching for Syracuse Storm : RHP Joe Martarano
|
Batting: RHB Spencer Lyng
|
0-0: Called Strike 0-1: SINGLE (Groundball, 56D)
|
Batting: SHB Jesús Román
|
0-0: Fly out, F6 (Popup, 5D)
|
Batting: RHB Fytor Ceia
|
0-0: Called Strike 0-1: Called Strike 0-2: Grounds into double play, 5-4-3 (Groundball, 56)
|
Top of the 6th over - 0 run(s), 1 hit(s), 0 error(s), 0 left on base; Idaho Falls 4 - Syracuse 4 |
BOTTOM OF THE 6TH |
Syracuse Storm batting - Pitching for Idaho Falls Chukars : RHP Juan Rúbio
|
Pitching: RHP Tae-shik Park
|
|
Batting: LHB Phil Beck
|
0-0: Ground out 4-3 (Groundball, 4)
|
Batting: LHB Juan Caro
|
0-0: Ball 1-0: Fly out, F7 (Flyball, 7S)
|
Batting: RHB Tsuginori Kobayashi
|
0-0: Foul Ball, location: 2F 0-1: Ball 1-1: Ground out 6-3 (Groundball, 6)
|
Bottom of the 6th over - 0 run(s), 0 hit(s), 0 error(s), 0 left on base; Idaho Falls 4 - Syracuse 4 |
TOP OF THE 7TH |
Idaho Falls Chukars batting - Pitching for Syracuse Storm : RHP Joe Martarano
|
Batting: LHB Jared Morningstar
|
0-0: Ball 1-0: Ball 2-0: Called Strike 2-1: Swinging Strike 2-2: Ground out U3 (Groundball, 3L)
|
Pinch Hitting: LHB Jesús López
|
0-0: Foul Ball, location: 2F 0-1: Ball 1-1: Foul Ball, location: 2F 1-2: Fly out, F7 (Flyball, 78S)
|
Batting: LHB Juan Rosado
|
0-0: Called Strike 0-1: Ball 1-1: Fly out, F6 (Line Drive, 56)
|
Top of the 7th over - 0 run(s), 0 hit(s), 0 error(s), 0 left on base; Idaho Falls 4 - Syracuse 4 |
BOTTOM OF THE 7TH |
Syracuse Storm batting - Pitching for Idaho Falls Chukars : RHP Tae-shik Park
|
Now at SS: Bill Bambridge
|
|
Batting: RHB Tom Boyer
|
0-0: Called Strike 0-1: Ball 1-1: Ball 2-1: Ball 3-1: Foul Ball, location: 2F 3-2: Foul Ball, location: 2F 3-2: Strikes out swinging
|
Batting: RHB Harry MacCash
|
0-0: Called Strike 0-1: Ball 1-1: Ball 2-1: Foul Ball, location: 2F 2-2: Foul Ball, location: 2F 2-2: Foul Ball, location: 2F 2-2: Foul Ball, location: 2F 2-2: Ball 3-2: Strikes out swinging
|
Batting: RHB Jerry Yates
|
0-0: Called Strike 0-1: Ground out 1-3 (Groundball, P)
|
Bottom of the 7th over - 0 run(s), 0 hit(s), 0 error(s), 0 left on base; Idaho Falls 4 - Syracuse 4 |
TOP OF THE 8TH |
Idaho Falls Chukars batting - Pitching for Syracuse Storm : RHP Joe Martarano
|
Batting: LHB Alistair Mix
|
0-0: Foul Ball, location: 2F 0-1: Ball 1-1: DOUBLE (Groundball, 3L)
|
Pitching: RHP Ryan Dull
|
|
Batting: SHB Tony Manzanares
|
0-0: Ball 1-0: Ball 2-0: Ball 3-0: Base on Balls
|
Pinch Hitting: LHB Víctor Puente
|
0-0: Ball 1-0: 3-RUN HOME RUN (Flyball, 9D), Distance : 409 ft
|
Batting: RHB Spencer Lyng
|
0-0: Ball 1-0: Ball 2-0: Swinging Strike 2-1: Foul Ball, location: 2F 2-2: Strikes out swinging
|
Batting: SHB Jesús Román
|
0-0: Called Strike 0-1: Ball 1-1: Ground out 4-3 (Groundball, 4)
|
Batting: RHB Fytor Ceia
|
0-0: Called Strike 0-1: Called Strike 0-2: Ball 1-2: Ball 2-2: Ball 3-2: Foul Ball, location: 2F 3-2: Strikes out looking
|
Top of the 8th over - 3 run(s), 2 hit(s), 0 error(s), 0 left on base; Idaho Falls 7 - Syracuse 4 |
BOTTOM OF THE 8TH |
Syracuse Storm batting - Pitching for Idaho Falls Chukars : RHP Tae-shik Park
|
Now in RF: Víctor Puente
|
|
Batting: RHB Aethelwulf Haraldson
|
0-0: Ball 1-0: Foul Ball, location: 2F 1-1: Swinging Strike 1-2: Foul Ball, location: 2F 1-2: SINGLE (Groundball, 34D)
|
Pitching: RHP Claudio Palma
|
|
Batting: RHB Vince Staples
|
0-0: Called Strike 0-1: Foul Ball, location: 2F 0-2: SINGLE (Groundball, 56D) Aethelwulf Haraldson to second
|
Batting: LHB Juan Jimínez
|
0-0: Foul Ball, location: 2F 0-1: Swinging Strike 0-2: Strikes out looking
|
Batting: LHB Phil Beck
|
0-0: Called Strike 0-1: Called Strike 0-2: Ball 1-2: Strikes out swinging
|
Batting: LHB Juan Caro
|
0-0: Ball 1-0: Called Strike 1-1: Ball 2-1: Foul Ball, location: 2F 2-2: Ball 3-2: Strikes out swinging
|
Bottom of the 8th over - 0 run(s), 2 hit(s), 0 error(s), 2 left on base; Idaho Falls 7 - Syracuse 4 |
TOP OF THE 9TH |
Idaho Falls Chukars batting - Pitching for Syracuse Storm : RHP Ryan Dull
|
Batting: LHB Jared Morningstar
|
0-0: SOLO HOME RUN (Flyball, 89XD), Distance : 438 ft
|
Pitching: RHP John Vaillancourt
|
|
Batting: SHB Bill Bambridge
|
0-0: Ball 1-0: Ball 2-0: Foul Ball, location: 2F 2-1: SINGLE (Flyball, 8LS)
|
Batting: LHB Juan Rosado
|
0-0: Bunted foul 0-1: Bunt missed! 0-2: Fly out, F8 (Flyball, 8LM)
|
Batting: LHB Alistair Mix
|
0-0: Ball 1-0: Called Strike 1-1: Ball 2-1: Ground out 3-1 (Groundball, 34S) Bill Bambridge to second
|
Batting: SHB Tony Manzanares
|
0-0: Ball 1-0: Ground out 4-3 (Groundball, 4)
|
Top of the 9th over - 1 run(s), 2 hit(s), 0 error(s), 1 left on base; Idaho Falls 8 - Syracuse 4 |
BOTTOM OF THE 9TH |
Syracuse Storm batting - Pitching for Idaho Falls Chukars : RHP Claudio Palma
|
Pitching: RHP Ramón Granados
|
|
Batting: RHB Tsuginori Kobayashi
|
0-0: Foul Ball, location: 2F 0-1: Ball 1-1: Called Strike 1-2: Foul Ball, location: 2F 1-2: Ball 2-2: Fly out, F8 (Line Drive, 8LM)
|
Batting: RHB Tom Boyer
|
0-0: Called Strike 0-1: Swinging Strike 0-2: Ball 1-2: Strikes out swinging
|
Batting: RHB Harry MacCash
|
0-0: Ball 1-0: Ball 2-0: Swinging Strike 2-1: Swinging Strike 2-2: Strikes out swinging
|
Bottom of the 9th over - 0 run(s), 0 hit(s), 0 error(s), 0 left on base; Idaho Falls 8 - Syracuse 4 |
|